 Dungeon Crawl Stone Soup version 0.24-a0-441-g27f0392e16 (webtiles) character file.

Game seed: 3014081232185038722

163 KristoblXynda the Slasher (level 5, -5/46 HPs)
             Began as a Draconian Gladiator on June 20, 2019.
             Was an Initiate of Cheibriados.
             Slain by Grinder (8 damage)
             ... while paralysed by Grinder
             ... on level 3 of the Dungeon.
             The game lasted 00:03:03 (2715 turns).

KristoblXynda the Slasher (Draconian Gladiator)     Turns: 2715, Time: 00:03:04

Health: -5/46      AC:  6    Str: 17    XL:     5   Next: 20%
Magic:  5/5        EV:  2    Int: 11    God:    Cheibriados [......]
Gold:   86         SH:  0    Dex: 13    Spells: 4/4 levels left

rFire    + . .     SeeInvis .   a - +0 long sword
rCold    + . .     Gourm    .   (no shield)
rNeg     . . .     Faith    .   (armour unavailable)
rPois    +         Spirit   .   b - +0 hat
rElec    +         Reflect  .   (no cloak)
rCorr    +         Harm     .   o - +0 pair of gloves
MR       .....                  (no boots)
Stlth    +.........             (no amulet)
HPRegen  0.15/turn              (no ring)
MPRegen  0.09/turn              (no ring)

@: paralysed, resistant, very slow
A: unfitting armour, cold-blooded, AC +5
a: Bend Time, Renounce Religion


You were on level 3 of the Dungeon.
You worshipped Cheibriados.
Cheibriados was noncommittal.
You were not hungry.

You visited 1 branch of the dungeon, and saw 3 of its levels.

You collected 86 gold pieces.

Inventory:

Hand Weapons
 a - a +0 long sword (weapon)
Missiles
 c - 3 throwing nets (quivered)
Armour
 b - a +0 hat (worn)
 o - a +0 pair of gloves (worn)
Wands
 m - a wand of flame (15)
Scrolls
 f - 4 scrolls of remove curse {unknown}
 i - a scroll of blinking {unknown}
 n - a scroll of noise {unknown}
Potions
 g - a potion of resistance
 h - 2 potions of heal wounds
 j - 3 potions of mutation
 k - a potion of berserk rage {unknown}
 l - a potion of curing {unknown}
 p - a potion of lignification {unknown}
Comestibles
 d - 3 rations


   Skills:
 + Level 3.7 Fighting
 + Level 4.1 Long Blades
 - Level 2.0 Throwing
 + Level 3.7 Dodging
 + Level 0.0 Invocations
 + Level 0.0 Evocations


You had 4 spell levels left.
You didn't know any spells.
Your spell library was empty.

Dungeon Overview and Level Annotations

Branches:
Dungeon (3/15)

Altars:
Cheibriados

Annotations:
D:3 Grinder


Innate Abilities, Weirdness & Mutations

Your plain brown scales are hard. (AC +5)
You cannot fit into any form of body armour.
You are cold-blooded and may be slowed by cold attacks.


Message History

Aim: Grinder The puff of flame misses Grinder.
The puff of flame hits the kobold.
The kobold is moderately wounded.
Grinder gestures at you. You resist with significant effort.
Evoke which item? (* to show all) (? for menu, Esc to quit)
Aiming: Throw Flame
Press: ? - help, Shift-Dir - straight line, f/p - Grinder
Aim: Grinder The puff of flame hits Grinder.
Grinder is lightly wounded.
Grinder gestures at you.
You suddenly lose the ability to move!
Grinder hits you!
You writhe in agony.
Grinder hits you!
* * * LOW HITPOINT WARNING * * *
You writhe in agony.
* * * LOW HITPOINT WARNING * * *
Grinder hits you!
You die...

#. #. #. ###.#
.... .#.##..
.......########
#..sK5@....#
#.....######.#
....... #.#
####... #.# ##.#
#.# #. #.# #.# #.#
##'## #.######
##...######......#


You could see Grinder, a giant cockroach and a kobold.

Vanquished Creatures
  Ijyb (D:3)
  5 adders (D:2)
  2 oozes
  5 worms
  5 dart slugs
  2 leopard geckos (D:2)
  7 bats
  7 giant cockroaches
  2 goblins
  8 hobgoblins
  8 frilled lizards
  6 kobolds
  6 rats
64 creatures vanquished.

Notes
Turn   | Place    | Note
-------+----------+-------------------------------------------
     0 | D:1      | KristoblXynda the Draconian Gladiator began the quest for
                  | the Orb.
     0 | D:1      | Reached XP level 1. HP: 17/17 MP: 1/1
   104 | D:1      | Reached XP level 2. HP: 18/25 MP: 2/2
   527 | D:1      | Reached XP level 3. HP: 25/30 MP: 3/3
  1106 | D:2      | Reached XP level 4. HP: 21/38 MP: 4/4
  2017 | D:2      | Reached skill level 4 in Long Blades
  2159 | D:2      | Found a snail-covered altar of Cheibriados.
  2172 | D:2      | Became a worshipper of Cheibriados the Contemplative
  2270 | D:3      | Noticed Ijyb
  2288 | D:3      | Killed Ijyb
  2288 | D:3      | Reached XP level 5. HP: 12/46 MP: 5/5
  2705 | D:3      | Noticed Grinder
  2711 | D:3      | Paralysed by Grinder for 5 turns
  2715 | D:3      | Slain by Grinder

Levels and vault maps discovered:
D:1:      sevenhm_arrival_forest_fort_small_3, layout_loops_ring,
          minmay_misc_feat_doors
D:2:      layout_basic, kennysheep_slug_shrine, first_ration
D:3:      layout_loops_corners, minmay_misc_feat_enclosed, grunt_ministairs_3,
          nicolae_qazlal_style_of_elements, uniq_natasha, uniq_grinder,
          uniq_ijyb

Skill      XL: |  1  2  3  4 |
---------------+-------------+-----
Throwing       | 2 |  2.0
Dodging        | 3 |  3.7
Fighting       | 3 |  3.7
Long Blades    | 4 |  4.1

Action                   |  1- 3 |  4- 6 || total
-------------------------+-------+-------++-------
Melee: Long sword        |   104 |    91 ||   195
       Tailslap          |    15 |    13 ||    28
Evoke: Wand              |       |     2 ||     2
  Use: Scroll            |     4 |       ||     4
       Potion            |       |     2 ||     2
 Stab: Sleeping          |       |     1 ||     1
  Eat: Chunk             |     1 |     5 ||     6
Armor: Skin              |    53 |    27 ||    80
Dodge: Dodged            |   106 |    71 ||   177
       Rpst.: Long sword |    37 |    16 ||    53

Table legend:
 A = Non-vault XP
 B = Vault XP
 C = Vault XP percentage of total XP
 D = Non-vault monster count
 E = Vault monster count
 F = Vault count percentage of total count
                 A         B        C        D         E       F
            +---------+---------+-------+---------+---------+-------
      Total |     194 |      40 |  17.1 |      62 |       2 |   3.1
            +---------+---------+-------+---------+---------+-------
        D:1 |      60 |       0 |   0.0 |      33 |       0 |   0.0
        D:2 |     125 |       4 |   3.1 |      26 |       1 |   3.7
        D:3 |       9 |      36 |  80.0 |       3 |       1 |  25.0
            +---------+---------+-------+---------+---------+-------
